 Dungeon Crawl Stone Soup version 0.19-a0-1493-gd0fcaa6 (webtiles) character file.

854 Kidiri the Magician (level 7, -2/38 HPs)
             Began as a Deep Elf Fire Elementalist on Sept 9, 2016.
             Killed by divine providence
             ... invoked by an orc priest
              (15 damage)
             ... on level 4 of the Dungeon.
             The game lasted 00:13:23 (4725 turns).

Kidiri the Magician (Deep Elf Fire Elementalist)    Turns: 4725, Time: 00:13:26

Health: -2/38      AC:  6    Str:  5    XL:     7   Next: 70%
Magic:  4/20       EV: 13    Int: 22    God:
Gold:   295        SH:  0    Dex: 15    Spells: 6 memorised, 3 levels left

rFire  + . .     SeeInvis .     f - +2 dagger (elec)
rCold  + + .     Gourm    .     d - +1 robe {rC+ rF+}
rNeg   . . .     Faith    .     (no shield)
rPois  .         Spirit   .     (no helmet)
rElec  .         Dismiss  .     o - +0 cloak
rCorr  +         Reflect  .     k - +0 pair of gloves
MR     .....     Harm     +     g - +0 pair of boots
Stlth  ++........               p - amulet of harm
                                x - ring of resist corrosion
                                q - ring of protection from cold

@: very slightly contaminated
A: no striking features
a: no special abilities


You were on level 4 of the Dungeon.
You were not hungry.

You visited 1 branch of the dungeon, and saw 4 of its levels.
You also visited: Ossuary.

You collected 295 gold pieces.

Inventory:

Hand Weapons
 f - a +2 dagger of electrocution (weapon)
Armour
 d - a +1 robe of resistance (worn)
 g - a +0 pair of boots (worn)
 i - a +2 buckler
 k - a +0 pair of gloves (worn)
 o - a +0 cloak (worn)
 r - a +0 shield
Jewellery
 p - an amulet of harm (around neck)
 q - a ring of protection from cold (left hand)
 x - a ring of resist corrosion (right hand)
Scrolls
 v - a scroll of recharging
 y - a scroll of immolation
Potions
 a - 3 potions of agility {unknown}
 e - 2 potions of cancellation
 h - 2 potions of magic {unknown}
 j - 2 potions of ambrosia {unknown}
 l - a potion of haste {unknown}
 n - 2 potions of mutation {unknown}
 t - 4 potions of curing {unknown}
 u - 3 potions of lignification {unknown}
 w - 2 potions of invisibility {unknown}
 z - a potion of brilliance {unknown}
Books
 b - a book of Flames

   Spells                             Type                      Level
   a - Flame Tongue                   Conjuration/Fire             1
   b - Throw Flame                    Conjuration/Fire             2
   c - Conjure Flame                  Conjuration/Fire             3
   d - Inner Flame                    Hexes/Fire                   3
   e - Sticky Flame                   Conjuration/Fire             4
   f - Fireball                       Conjuration/Fire             5
Comestibles
 c - 3 bread rations
 m - 6 meat rations
 s - a slice of pizza
 A - 2 chunks of flesh


   Skills:
 + Level 1.4 Fighting
 + Level 1.1 Short Blades
 + Level 0.7 Armour
 + Level 3.3 Dodging
 - Level 2.4 Stealth
 + Level 1.0 Shields
 * Level 7.8 Spellcasting
 + Level 4.0 Conjurations
 + Level 5.5 Fire Magic


You had 3 spell levels left.
You knew the following spells:

 Your Spells              Type           Power        Failure   Level  Hunger
a - Flame Tongue          Conj/Fire      ####.        1%          1    None
b - Throw Flame           Conj/Fire      ####..       1%          2    None
c - Conjure Flame         Conj/Fire      ####....     3%          3    None
d - Inner Flame           Hex/Fire       ###.....     10%         3    None
e - Sticky Flame          Conj/Fire      ####....     12%         4    ###....
f - Fireball              Conj/Fire      ####......   34%         5    #####..


Dungeon Overview and Level Annotations

Branches:
Dungeon (4/15)
 Temple: D:4-7

Altars:
Fedhas


Message History

The spell is very dangerous to cast!
Continue anyway?
Aiming: Fireball
Press: ? - help, Shift-Dir - straight line, f - orc, p - orc priest
Aim: an orc, wielding an enchanted hand axe and wearing a chain mail You miscast Fireball.
You hear a sizzling sound.
The orc priest burns!
The orc priest hits you with a hand axe.
Casting: Fireball
Confirm with . or Enter, or press ? or * to list all spells.
Aiming: Flame Tongue
Press: ? - help, Shift-Dir - straight line, f/p - orc
Aim: an orc, wielding an enchanted hand axe and wearing a chain mail The flame tongue hits the orc.
The orc is heavily wounded.
The orc priest burns!
You kill the orc priest!
The orc priest mumbles some strange prayers to Beogh against you.
Beogh smites you!
You die...

#.# #.<...#.#.##.#
######.#####.........##.#
...........#.....#.####.#
.......###.#.....#.####.#
..###### #.####.........#
<.# ###.# #.######### #.#
#...####.######### #.###
##.#.#.#)#.#.#.#<## .>..#
#.....o.o@(....[).# ....#
###.#.#.#.#.#.#.#.##
....#
#......).........).#
....#
#.#.#.#.#.#.#.#.#)##
....#
#..................#
#####
#.#.#.#.#.#.#.#.#.## #
#....##########.### #
####............# #
#.############


You could see an orc priest and an orc.

Vanquished Creatures
  An ogre (D:4)
  2 scorpions (D:4)
  A giant frog zombie (D:3)
  2 centaur zombies (Ossuary)
  2 human zombies (Ossuary)
  3 orc priests (D:4)
  7 orc wizards
  An iguana (D:4)
  A big kobold zombie (Ossuary)
  2 mummies (Ossuary)
  3 gnolls (D:3)
  2 adders
  2 adder skeletons (D:4)
  2 adder zombies (Ossuary)
  2 worms
  A dart slug (D:2)
  2 giant geckos (D:1)
  15 orcs
  6 bats
  4 giant cockroaches
  7 goblins
  3 hobgoblins
  2 jackals (D:3)
  9 kobolds
  A ball python (D:3)
  A giant newt (D:1)
  12 hobgoblin zombies (Ossuary)
  9 kobold zombies (Ossuary)
  5 orc zombies (Ossuary)
  6 rats
  3 rat zombies (Ossuary)
119 creatures vanquished.

Notes
Turn   | Place    | Note
-------+----------+-------------------------------------------
     0 | D:1      | Kidiri the Deep Elf Fire Elementalist began the quest for the Orb.
     0 | D:1      | Reached XP level 1. HP: 10/10 MP: 6/6
   199 | D:1      | Reached XP level 2. HP: 15/15 MP: 8/8
   208 | D:1      | Learned a level 2 spell: Throw Flame
  1114 | D:2      | Reached skill level 4 in Spellcasting
  1114 | D:2      | Reached XP level 3. HP: 6/19 MP: 1/10
  1187 | D:2      | Learned a level 3 spell: Conjure Flame
  1191 | D:2      | Learned a level 3 spell: Inner Flame
  2199 | D:3      | Found a blossoming altar of Fedhas.
  2224 | D:3      | Reached XP level 4. HP: 24/24 MP: 5/12
  2413 | D:3      | Reached skill level 5 in Spellcasting
  2419 | D:3      | Learned a level 4 spell: Sticky Flame
  2459 | D:3      | Reached XP level 5. HP: 22/28 MP: 0/15
  3014 | D:4      | Reached skill level 6 in Spellcasting
  3042 | D:4      | Reached XP level 6. HP: 32/32 MP: 1/17
  3165 | D:4      | Learned a level 5 spell: Fireball
  3363 | D:4      | Found a sand-covered staircase.
  3372 | Ossuary  | Entered an ossuary
  3389 | Ossuary  | Reached skill level 5 in Fire Magic
  3500 | Ossuary  | Reached skill level 7 in Spellcasting
  3655 | Ossuary  | Reached XP level 7. HP: 31/37 MP: 5/19
  3881 | Ossuary  | Reached skill level 1 in Fighting
  4429 | D:4      | Reached skill level 1 in Short Blades
  4429 | D:4      | Reached skill level 1 in Shields
  4725 | D:4      | Killed from afar by an orc priest

Vault maps used:
D:1:      minmay_arrival_plants_in_alcoves, minmay_misc_feat_square
D:2:      kennysheep_generic_room_10
D:3:      minmay_door_path, fedhas_altar_2
D:4:      lightli_ossuary_entry_decrepit_ruins, first_bread,
          serial_bayou_pond_a, st_stairs_12
Ossuary:  ossuary_tomb_1

Skill      XL: |  1  2  3  4  5  6  7 |
---------------+----------------------+-----
Spellcasting   | 4 5 6 7 |  7.8
Conjurations   | 2 3 4 |  4.0
Fire Magic     | 4 5 |  5.5
Fighting       | 1 |  1.4
Dodging        | 3 |  3.3
Short Blades   | 1 |  1.1
Shields        | 1 |  1.0
Armour         | |  0.7
Stealth        | |  2.4

Action                   |  1- 3 |  4- 6 |  7- 9 || total
-------------------------+-------+-------+-------++-------
Melee: Dagger            |     9 |    42 |    27 ||    78
 Cast: Flame Tongue      |    43 |    79 |    30 ||   152
       Inner Flame       |       |     1 |     4 ||     5
       Conjure Flame     |       |     1 |     2 ||     3
       Throw Flame       |       |     2 |       ||     2
       Sticky Flame      |       |     3 |     5 ||     8
       Fireball          |       |     2 |     1 ||     3
  Use: Scroll            |     6 |     2 |     1 ||     9
       Potion            |       |     1 |       ||     1
 Stab: Sleeping          |     6 |     4 |       ||    10
       Distracted        |       |       |     1 ||     1
  Eat: Chunk             |     3 |     5 |       ||     8
       Fruit             |       |       |     5 ||     5
       Royal jelly       |       |       |     1 ||     1
       Pizza             |       |       |     1 ||     1
Armor: Robe              |     4 |    17 |     8 ||    29
Dodge: Dodged            |    22 |    35 |    15 ||    72
